 Dungeon Crawl Stone Soup version 0.16.1-4-g8e1b745 (webtiles) character file.

15 RobertPalmer the Grasshopper (level 2, -3/19 HPs)
             Began as an Octopode Warper on Mar 27, 2015.
             Slain by a goblin
             ... wielding a cursed -1 dagger
              (4 damage)
             ... on level 1 of the Dungeon.
             The game lasted 00:00:35 (466 turns).

RobertPalmer the Grasshopper (Octopode Warper)       Turns: 466, Time: 00:00:35

Health: -3/19      AC:  1    Str: 10    XL:     2   Next: 50%
Magic:  4/4        EV: 12    Int: 15    God:
Gold:   51         SH:  0    Dex: 11    Spells: 1 memorised, 4 levels left

rFire  . . .     SeeInvis .     a - +0 short sword
rCold  . . .     Clarity  .     (no shield)
rNeg   . . .     SustAb   .     (helmet restricted)
rPois  .         Gourm    .     (no amulet)
rElec  .         Spirit   .     (no ring)
rCorr  .         Warding  .     (no ring)
rMut   .         Stasis   .     (no ring)
MR     .....                    (no ring)
Stlth  ++........               (no ring)
                                (no ring)
                                (no ring)
                                (no ring)

@: not resistant to hostile enchantments, unstealthy
A: almost no armour, amphibious, 8 rings, constrict 8, camouflage 1, gelatinous
body 1
a: no special abilities


You were on level 1 of the Dungeon.
You were not hungry.

You visited 1 branch of the dungeon, and saw 1 of its levels.

You collected 51 gold pieces.

Inventory:

Hand weapons
 a - a +0 short sword (weapon)
Missiles
 b - 19 poisoned needles
 e - 5 tomahawks of dispersal {=f}
Scrolls
 d - a scroll of blinking {!r}
 h - a scroll of identify {unknown}
Books
 c - a book of Spatial Translocations
Comestibles
 f - a bread ration {@e1}
 g - a royal jelly


   Skills:
 - Level 2.0 Fighting
 + Level 3.0 Short Blades
 - Level 1.0 Throwing
 - Level 2.3 Dodging
 - Level 2.0 Spellcasting
 - Level 3.0 Translocations


You had 4 spell levels left.
You knew the following spells:

 Your Spells              Type           Power        Failure   Level  Hunger
g - Apportation           Tloc           ##........   8%          1    #......


Dungeon Overview and Level Annotations

Branches:
Dungeon (1/15)

Altars:


Innate Abilities, Weirdness & Mutations

You cannot wear most types of armour.
You are amphibious.
You can wear up to eight rings at the same time.
You can use your tentacles to constrict many enemies at once.
Your skin changes colour to match your surroundings (Stealth).
Your rubbery body absorbs attacks (AC +1).


Message History

A rat is nearby!
You hit the rat but do no damage. Your grab misses the rat. The rat bites you.
You take 3 damage, and have 15/19 hp.
A rat is nearby!
You hit the rat.
You kill the rat!
A bat comes into view.
You see here a royal jelly.
You see here a hunting sling.
A bat is nearby!
A bat is nearby!
You closely miss the bat. You grab the bat. You constrict the bat.
The bat barely misses you.
The bat struggles to escape constriction. x2
A bat is nearby!
You hit the bat.
You kill the bat!
You see here a hunting sling.
g - a royal jelly
There are no items here.
You see here 6 bolts.
Found a stone staircase leading down.
h - a scroll labeled FOECEKIKLI A rat comes into view.
A rat is nearby!
A rat is nearby!
A rat is nearby!
You see here 13 gold pieces.
The rat closely misses you.
You hit the rat.
You kill the rat!
No target in view!
No target in view!
You now have 35 gold pieces (gained 13).
You now have 39 gold pieces (gained 4).
Found a stone staircase leading down.
Health restored: 19 You see here 33 stones.
There is a stone staircase leading down here.
You now have 51 gold pieces (gained 12).
A giant gecko comes into view.
A goblin comes into view. It is wielding an enchanted dagger.
You see here a bread ration {@e1}.
There are monsters nearby!
There are monsters nearby!
The giant gecko hisses menacingly.
A giant gecko comes into view.
The giant gecko bites you. The giant gecko misses you.
You take 3 damage, and have 16/19 hp.
The goblin shouts!
You hit the giant gecko. Your grab misses the giant gecko.
The giant gecko bites you.
You take 2 damage, and have 14/19 hp.
You closely miss the giant gecko. Your grab misses the giant gecko.
The giant gecko bites you.
The goblin hits you with an enchanted dagger.
You take 4 damage, and have 10/19 hp.
MASSIVE DAMAGE!!
The giant gecko misses you.
You see here a bread ration {@e1}.
You miss the giant gecko. Your grab misses the giant gecko.
The giant gecko closely misses you.
You closely miss the giant gecko. Your grab misses the giant gecko.
Your squeeze misses the giant gecko. The giant gecko bites you.
You take 4 damage, and have 6/19 hp.
MASSIVE DAMAGE!!
The goblin barely misses you. The giant gecko bites you.
* * * LOW HITPOINT WARNING * * *
You take 2 damage, and have 4/19 hp.
Unknown command.
You closely miss the giant gecko. Your grab misses the giant gecko.
The giant gecko closely misses you. The giant gecko barely misses you.
You closely miss the giant gecko. Your grab misses the giant gecko.
The giant gecko bites you.
* * * LOW HITPOINT WARNING * * *
You take 2 damage, and have 2/19 hp.
You hit the giant gecko. Your grab misses the giant gecko.
The giant gecko closely misses you.
You hit the giant gecko.
You kill the giant gecko!
Your Short Blades skill increases to level 3!
The giant gecko bites you.
* * * LOW HITPOINT WARNING * * *
You take 1 damage, and have 2/19 hp.
You hit the giant gecko but do no damage.
Your grab misses the giant gecko. Your squeeze misses the giant gecko.
The giant gecko bites you.
* * * LOW HITPOINT WARNING * * *
You take 1 damage, and have 1/19 hp.
You miss the giant gecko. You grab the giant gecko.
You constrict the giant gecko.
You kill the giant gecko!
The goblin barely misses you.
You hit the goblin but do no damage. Your grab misses the goblin.
You squeeze the goblin, but do no damage.
You barely miss the goblin. Your grab misses the goblin.
The goblin hits you but does no damage.
You closely miss the goblin. You grab the goblin. You constrict the goblin.
The goblin hits you with an enchanted dagger.
You die...

#..#.#.#.#.#.#.#
#.#.#.#.#.#.#..#
#..#.#.#.#.#.#.#
#.#.#.#.#.#.#..#
#..#.#.#.#.#.###
###.#.#(#.#.#.#
#.#.#.#.#.#.##
############>##
#.... #@# #....
#g# #.... #.#
#?$..#######.####
##....#..........#
#.........%......#
#.....#..........#
#...?.############
#.....


You could see a goblin.

Vanquished Creatures
  A worm (D:1)
  2 giant geckos (D:1)
  2 bats (D:1)
  A hobgoblin (D:1)
  2 goblins (D:1)
  2 rats (D:1)
10 creatures vanquished.

Notes
Turn   | Place    | Note
--------------------------------------------------------------
     0 | D:1      | RobertPalmer, the Octopode Warper, began the quest for the Orb.
     0 | D:1      | Reached XP level 1. HP: 14/14 MP: 3/3
   153 | D:1      | Reached XP level 2. HP: 19/19 MP: 4/4
   453 | D:1      | HP: 4/19 [giant gecko (2)]
   459 | D:1      | HP: 2/19 [giant gecko (2)]
   461 | D:1      | Reached skill level 3 in Short Blades
   466 | D:1      | Slain by a goblin

Action                   || total
-------------------------++-------
Melee: Short sword       ||    37
 Stab: Sleeping          ||     1

Vault maps used:
D:1:      evilmike_arrival_run_for_it, minivault_23

Table legend:
 A = Turns spent in this place as a percentage of turns spent in the entire game.
 B = Non-inter-level travel turns spent in this place as a percentage of non-inter-level travel turns spent in the entire game.
 C = Inter-level travel turns spent in this place as a percentage of turns spent in this place.
 D = Turns resting spent in this place as a percentage of non-inter-level travel turns spent in this place.
 E = Turns spent auto-exploring this place as a percentage of non-inter-level travel turns spent in this place.
 F = Non-inter-level travel turns spent in this place divided by the number of levels of this place that you've seen.
                   A       B       C       D       E      F
               +-------+-------+-------+-------+-------+----------------------
         Total | 100.0 | 100.0 |   0.0 |   2.9 |   8.8 | 136.0
       Dungeon | 100.0 | 100.0 |   0.0 |   2.9 |   8.8 | 136.0
               +-------+-------+-------+-------+-------+----------------------

Table legend:
 A = Kills in this place as a percentage of kills in entire the game.
 B = Kills by you in this place as a percentage of kills by you in the entire game.
 C = Kills by friends in this place as a percentage of kills by friends in the entire game.
 D = Other kills in this place as a percentage of other kills in the entire game.
 E = Experience gained in this place as a percentage of experience gained in the entire game.
 F = Experience gained in this place divided by the number of levels of this place that you have seen.
                   A       B       C       D       E      F
               +-------+-------+-------+-------+-------+----------------------
         Total | 100.0 | 100.0 |  -nan |  -nan | 100.0 |  22.0
       Dungeon | 100.0 | 100.0 |  -nan |  -nan | 100.0 |  22.0
               +-------+-------+-------+-------+-------+----------------------
